 Seeded DCSS version 0.30.0-5-g1a98f26d00 (webtiles) character file.

Game seed: 18007716519941398942 (custom seed)

5 IndexError the Chiller (level 1, -3/14 HPs)
             Began as a Demonspawn Ice Elementalist on May 11, 2023.
             Frozen to death by an endoplasm (5 damage)
             ... on level 1 of the Dungeon.
             The game lasted 00:00:37 (69 turns).

IndexError the Chiller (Demonspawn Ice Elementalist)  Turns: 69, Time: 00:00:37

Health: -3/14      AC:  2    Str:  8    XL:     1   Next: 66%
Magic:  0/3        EV: 12    Int: 16    God:
Gold:   9          SH:  0    Dex: 13    Spells: 3/4 levels left

rFire   . . .        d - +0 sling
rCold   . . .        (no shield)
rNeg    . . .        a - +0 robe
rPois   .            (no helmet)
rElec   .            (no cloak)
rCorr   .            (no gloves)
SInv    .            (no boots)
Will    .....        (no amulet)
Stlth   ++           (no ring)
HPRegen 0.22/turn    (no ring)
MPRegen 0.08/turn

%: no passive effects
@: no status effects
A: no striking features
a: no special abilities


You were on level 1 of the Dungeon.
You visited 1 branch of the dungeon, and saw 1 of its levels.

You collected 9 gold pieces.

Inventory:

Hand Weapons
 d - a +0 sling (weapon)
   (You found it on level 1 of the Dungeon)
Armour
 a - a +0 robe (worn)
Jewellery
 f - an amulet of faith {Faith, !P}
   (You found it on level 1 of the Dungeon)
Scrolls
 c - a scroll of magic mapping {unknown}
Potions
 b - a potion of magic
 e - a potion of berserk rage {unknown}


   Skills:
 + Level 0.8 Fighting
 - Level 1.7 Dodging
 - Level 1.7 Stealth
 - Level 2.0 Spellcasting
 + Level 3.7 Ice Magic


You had 3 spell levels left.
You knew the following spells:

 Your Spells              Type           Power      Damage    Failure   Level
a - Freeze                Ice            52%        1d6       4%          1

Your spell library contained the following spells:

 Spells                   Type           Power      Damage    Failure   Level
 Frozen Ramparts          Ice            26%        1d4       13%         3
 Ozocubu's Armour         Ice            13%        N/A       13%         3
 Summon Ice Beast         Ice/Summ       7%         N/A       67%         4


Dungeon Overview and Level Annotations

Branches:
Dungeon (1/15)

Altars:


Message History

Aim: a jackal (severely wounded)
You freeze the jackal. The jackal misses you.
An endoplasm comes into view.
The jackal bites you but does no damage.
You now have 1/3 mp.
You shoot a sling bullet. The endoplasm quivers.
The sling bullet hits the jackal.
The jackal closely misses you.
Health restored: 14 You shoot a sling bullet.
The sling bullet closely misses the jackal.
The jackal barks!
The jackal bites you. The jackal closely misses you.
You take 3 damage, and have 11/14 hp.
MASSIVE DAMAGE!!
You shoot a sling bullet.
The sling bullet barely misses the jackal.
The sling bullet barely misses the endoplasm.
The jackal bites you. x2
You take 3 damage, and have 8/14 hp.
MASSIVE DAMAGE!!
The endoplasm freezes you.
You are frozen.
You take 3 damage, and have 5/14 hp.
MASSIVE DAMAGE!!
The endoplasm attacks as you move away! The endoplasm barely misses you.
The jackal attacks as you move away! The jackal completely misses you.
The jackal bites you but does no damage.
You are too injured to fight recklessly!
You are too injured to fight recklessly!
Casting: Freeze (safe; 4% risk of failure)
Confirm with . or Enter, or press ? or * to list all spells.
Aiming: Freeze (safe; 4% risk of failure)
Press: ? - help, Shift-Dir - straight line, f/p - jackal
Aim: a jackal You freeze the jackal.
The jackal barely misses you.
You now have 0/3 mp.
Fire: d) +0 sling
Press: ? - help, Q - select action, (/) - cycle Shift-Dir - straight line, f/p - jackal
Aim: a jackal (moderately wounded, 43% to hit)
You shoot a sling bullet.
The sling bullet closely misses the jackal.
The jackal bites you but does no damage.
The jackal misses you.
Fire: d) +0 sling
Press: ? - help, Q - select action, (/) - cycle Shift-Dir - straight line, f/p - jackal
Aim: a jackal (moderately wounded, 43% to hit)
You shoot a sling bullet.
The sling bullet hits the jackal but does no damage.
The jackal barely misses you. The jackal misses you.
Fire: d) +0 sling
Press: ? - help, Q - select action, (/) - cycle Shift-Dir - straight line, f/p - jackal
Aim: a jackal (moderately wounded, 43% to hit)
You shoot a sling bullet. The sling bullet hits the jackal.
The jackal closely misses you.
Fire: d) +0 sling
Press: ? - help, Q - select action, (/) - cycle Shift-Dir - straight line, f - jackal
Aim: a jackal (43% to hit)
You shoot a sling bullet. The sling bullet hits the jackal.
The jackal bites you. x2
* * * LOW HITPOINT WARNING * * *
The endoplasm jiggles.
You take 2 damage, and have 4/14 hp.
Fire: d) +0 sling
Press: ? - help, Q - select action, (/) - cycle Shift-Dir - straight line, f/p - jackal
Aim: a jackal (lightly wounded, 43% to hit)
You shoot a sling bullet.
The sling bullet hits the jackal but does no damage.
The jackal misses you. x2
Fire: d) +0 sling
Press: ? - help, Q - select action, (/) - cycle Shift-Dir - straight line, f/p - jackal
Aim: a jackal (lightly wounded, 43% to hit)
You shoot a sling bullet.
The sling bullet hits the jackal but does no damage.
The jackal closely misses you. The jackal bites you.
* * * LOW HITPOINT WARNING * * *
You take 3 damage, and have 1/14 hp.
MASSIVE DAMAGE!!
Fire: d) +0 sling
Press: ? - help, Q - select action, (/) - cycle Shift-Dir - straight line, f/p - jackal
Aim: a jackal (lightly wounded, 43% to hit)
You shoot a sling bullet.
The sling bullet barely misses the jackal.
The jackal barely misses you. The jackal closely misses you.
Casting: Freeze (safe; 4% risk of failure)
Confirm with . or Enter, or press ? or * to list all spells.
Aiming: Freeze (safe; 4% risk of failure)
Press: ? - help, Shift-Dir - straight line, f/p - jackal
Aim: a jackal (lightly wounded)
You freeze the jackal.
You now have 0/3 mp.
Fire: d) +0 sling
Press: ? - help, Q - select action, (/) - cycle Shift-Dir - straight line, f - endoplasm
Aim: an endoplasm (83% to hit)
You shoot a sling bullet.
The sling bullet barely misses the endoplasm.
The endoplasm barely misses you.
Fire: d) +0 sling
Press: ? - help, Q - select action, (/) - cycle Shift-Dir - straight line, f/p - endoplasm
Aim: an endoplasm (83% to hit)
You shoot a sling bullet. The sling bullet hits the endoplasm.
The endoplasm freezes you.
You are frozen.
You die...

#≈≈≈......<......§§≈#
.#≈#.............#≈#..
..##.............##..
... #.............#
.#. #. ##...........##
# ##.........## #
##.......## .h#
####.#######..#
#..@#..†....#
.....#.#J.......#
......#.....#####
###.#.....#.#
#..#...##...
#.....#.......
##.####........ +..
........ ## .. ....


You could see an endoplasm.

Vanquished Creatures
  4 jackals (D:1)
4 creatures vanquished.

Notes
Turn   | Place    | Note
-------+----------+-------------------------------------------
     0 | D:1      | IndexError the Demonspawn Ice Elementalist began the quest
                  | for the Orb.
     0 | D:1      | Reached XP level 1. HP: 13/13 MP: 3/3
    65 | D:1      | HP: 1/14 [jackal (3)]
    69 | D:1      | Frozen to death by an endoplasm

Illustrated notes

Levels and vault maps discovered:
D:1:      psy_arrival_dodecagon, layout_basic,
          dreamdust_ecumenical_altar_sealed_demon

Action                     || total
---------------------------++-------
   Fire: Sling             ||    17
   Cast: Freeze            ||     4
 Armour: Robe              ||     5
  Dodge: Dodged            ||    18

Levels and vault maps discovered:
D:1:      psy_arrival_dodecagon, layout_basic,
          dreamdust_ecumenical_altar_sealed_demon

Table legend: (Time is in decaauts)
 A = Elapsed time spent in this place.
 B = Non-inter-level travel time spent in this place.
 C = Inter-level travel time spent in this place.
 D = Time resting spent in this place.
 E = Time spent auto-exploring this place.
 F = Levels seen in this place.
 G = Mean time per level.
                   A        B        C        D        E       F      G
               +--------+--------+--------+--------+--------+-----+--------+
         Total |     74 |     74 |      0 |      0 |      0 |   1 |   74.0 |
       Dungeon |     74 |     74 |      0 |      0 |      0 |   1 |   74.0 |
               +--------+--------+--------+--------+--------+-----+--------+

Top non-repeatable levels by time:
     D:1: 74 daAuts

Table legend:
 A = Kills in this place as a percentage of kills in the entire game.
 B = Kills by you in this place as a percentage of kills by you in the entire game.
 C = Kills by friends in this place as a percentage of kills by friends in the entire game.
 D = Other kills in this place as a percentage of other kills in the entire game.
 E = Experience gained in this place as a percentage of experience gained in the entire game.
 F = Experience gained in this place divided by the number of levels of this place that you have seen.
                   A       B       C       D       E      F
               +-------+-------+-------+-------+-------+----------------------
         Total | 100.0 | 100.0 |   N/A |   N/A | 100.0 |   8.0
       Dungeon | 100.0 | 100.0 |   N/A |   N/A | 100.0 |   8.0
               +-------+-------+-------+-------+-------+----------------------
